 Dungeon Crawl Stone Soup version 0.20.1-1-g8b1a95d (console) character file.

66838 vuolankoinen the Fighter (level 15, -15/110 HPs)
             Began as an Octopode Wizard on Nov 20, 2017.
             Was the Champion of Dithmenos.
             Demolished by a vault guard
             ... wielding a +0 war axe
              (16 damage)
             ... on level 14 of the Dungeon on Nov 21, 2017.
             The game lasted 03:04:50 (30308 turns).

vuolankoinen the Fighter (Octopode Wizard)         Turns: 30308, Time: 03:04:51

Health: -15/110    AC:  3    Str: 16    XL:     15   Next: 21%
Magic:  13/29      EV: 16    Int: 30    God:    Dithmenos [******]
Gold:   440        SH:  6    Dex:  9    Spells: 6/34 levels left

rFire    + + .     SeeInvis +   b - +2 dagger (venom)
rCold    + . .     Gourm    +   d - +0 buckler
rNeg     . . .     Faith    .   l - +2 hat
rPois    +         Spirit   .   K - amulet of the gourmand
rElec    .         Reflect  .   E - ring "Havuur" {rCorr Str+3 Stlth-}
rCorr    +         Harm     .   L - ring of poison resistance
MR       +....                  f - ring of protection from fire
Stlth    +++++++++.             N - ring of see invisible
Regen    1.3/turn               r - ring of protection from fire
MPRegen  0.3/turn               W - ring of stealth
                                s - ring of Descent {rC+ Str+6 Int+4 Dex-2}
                                t - ring of wizardry

@: regenerating, wreathed by umbra
A: almost no armour, stealthy swim, amphibious, 8 rings, constrict 8, camouflage
1, gelatinous body 1
a: Shadow Step, Shadow Form, Renounce Religion


You were on level 14 of the Dungeon.
You worshipped Dithmenos.
Dithmenos was exalted by your worship.
You were full.

You visited 3 branches of the dungeon, and saw 21 of its levels.
You also visited: Sewer, Ossuary and Ice Cave.

You collected 1730 gold pieces.
You spent 1290 gold pieces at shops.

Inventory:

Hand Weapons
 a - a +5 dagger of freezing
 b - a +2 dagger of venom (weapon)
 m - a +3 dagger of distortion
Missiles
 Q - a throwing net (quivered)
 S - 20 poisoned needles
Armour
 d - a +0 buckler (worn)
 l - a +2 hat (worn)
 q - a +0 shield
 Y - a +1 large shield of cold resistance
Magical Staves
 X - an uncursed staff of wizardry
Jewellery
 f - a ring of protection from fire (on tentacle)
 o - a +2 ring of intelligence
 r - a ring of protection from fire (on tentacle)
 s - the ring of Descent (on tentacle) {rC+ Str+6 Int+4 Dex-2}
   (You bought it in a shop on level 5 of the Dungeon)

   [ring of protection from cold]

   It affects your strength (+6).
   It affects your intelligence (+4).
   It affects your dexterity (-2).
   It protects you from cold.
 t - a ring of wizardry (on tentacle)
 D - a +2 ring of evasion
 E - the ring "Havuur" (left tentacle) {rCorr Str+3 Stlth-}
   (You found it on level 4 of the Dungeon)

   [ring of resist corrosion]

   It affects your strength (+3).
   It makes you less stealthy.
 K - an amulet of the gourmand (around mantle)
 L - a ring of poison resistance (right tentacle)
 N - a ring of see invisible (on tentacle)
 U - a +3 ring of dexterity
 W - a ring of stealth (on tentacle)
Wands
 e - a wand of disintegration (17/24)
 w - a wand of disintegration (5/24)
 J - a wand of acid (7/15)
 O - a wand of lightning (8/15)
 V - a wand of confusion (29/48)
Scrolls
 g - 12 scrolls of remove curse
 j - 6 scrolls of recharging
 k - 2 scrolls of blinking
 n - 2 scrolls of fog
 y - 3 scrolls of noise
 A - 8 scrolls of teleportation
 T - a scroll of amnesia
 Z - a scroll of fear
Potions
 c - 3 potions of berserk rage
 h - 12 potions of curing
 i - 3 potions of resistance
 p - 2 potions of brilliance
 u - 5 potions of flight
 v - a potion of magic
 x - 2 potions of heal wounds
 z - 2 potions of agility
 B - 6 potions of might
 C - 2 potions of haste
 H - 4 potions of lignification
 M - a potion of invisibility
 R - a potion of cancellation
Comestibles
 F - 12 bread rations
 G - 2 meat rations
 I - a royal jelly
 P - 11 fruits


   Skills:
 * Level 13.1 Fighting
 + Level 10.5 Short Blades
 + Level 7.3 Dodging
 + Level 11.5 Stealth
 * Level 10.2 Shields
 + Level 10.1 Spellcasting
 * Level 5.7 Conjurations
 + Level 4.0 Hexes
 - Level 2.5 Charms
 + Level 1.0 Summonings
 + Level 4.2 Necromancy
 + Level 2.6 Translocations
 + Level 0.6 Transmutations
 + Level 3.3 Ice Magic
 + Level 1.2 Earth Magic
 - Level 0.5 Poison Magic
 + Level 1.4 Evocations


You had 6 spell levels left.
You knew the following spells:

 Your Spells              Type           Power        Failure   Level  Hunger
a - Magic Dart            Conj           ####         1%          1    None
b - Blink                 Tloc           N/A          1%          2    None
c - Call Imp              Summ           ###.....     1%          2    None
d - Mephitic Cloud        Conj/Pois/Air  ####....     1%          3    None
e - Control Undead        Necr           #####.....   2%          4    None
f - Ensorcelled Hibernat  Hex/Ice        #####.       1%          2    None
g - Regeneration          Chrm/Necr      #####.....   1%          3    None
h - Passwall              Tmut/Erth      ###.......   1%          2    None
i - Iron Shot             Conj/Erth      #####.....   43%         6    #####..
j - Stone Arrow           Conj/Erth      #####.       1%          3    None


Dungeon Overview and Level Annotations

Branches:
Dungeon (14/15)            Temple (1/1) D:5            Lair (6/6) D:9
  Swamp (0/4) Lair:2       Spider (0/4) Lair:4        Slime (0/5) Lair:5
    Orc (0/2) D:9
 Vaults: D:13-14

Altars:
Ashenzari
Cheibriados
Dithmenos
Elyvilon
Fedhas
Gozag
Hepliaklqana
Kikubaaqudgha
Makhleb
Nemelex Xobeh
Okawaru
Qazlal
Ru
Sif Muna
Trog
Uskayaw
Vehumet
Xom
Yredelemnul
Zin
The Shining One
Beogh

Shops:
D:5 =*}*[   D:8 :

Annotations:
Lair:1 pino1, 7.hydra
Lair:4 8-hydra, 6, exclusion: 2 oklob plants
Lair:5 exclusion: hydra
Lair:6 2 runed doors


Innate Abilities, Weirdness & Mutations

You cannot wear most types of armour.
You are very stealthy in the water. (Stealth+)
You are amphibious.
You can wear up to eight rings at the same time.
You can use your tentacles to constrict eight enemies at once.
Your skin changes colour to match your surroundings (Stealth+).
Your rubbery body absorbs attacks. (AC +1, EV +1)


Message History

* * * LOW HITPOINT WARNING * * *
The vault guard misses you.
The vault guard hits your wight with a war axe.
Your wight hits the manticore but does no damage.
Casting: Blink
Confirm with . or Enter, or press ? or * to list all spells.
You blink.
Your wight misses the vault guard.
You block the manticore's attack. x2; The manticore barely misses you.
The vault guard hits you with a war axe!
* * * LOW HITPOINT WARNING * * *
The vault guard hits your wight with a war axe.
Something hits the manticore.
Something freezes the manticore.
You feel much better.
Your wight closely misses the vault guard.
The manticore bites you!!
* * * LOW HITPOINT WARNING * * *
The manticore claws you!
* * * LOW HITPOINT WARNING * * *
The manticore completely misses you.
The vault guard hits you with a war axe!
You die...

##################
##..........).....# ###########
#...#...#########.# ..........#
#...#...#......##.# #########.#
#...#...#.####.##.. #.#
#...#...#.# #.##.. # #.##
#.......#.####.##.. #
#..####§§§§...#...##.##..
###.###.#...(§zH§§§#..#...##.###.
...........(.z.p@§§.........># #.
p##.#......######§##.##.#.#### ##
.........#.# #§##......#
.##.#..#.#.#### #.#####...# ..#
#..#.#....# #.##......# ..# ##
#.#....# #.##.##>.## ..# #....#
#.##.##..##### #.# #....#
#.##.##......# ###....#
#.....##.###.# #..y#..#
#.........##.####
#.####.###.........##.....


You could see a vault guard, a manticore and 2 friendly wights.

Vanquished Creatures
  A frost giant (IceCv)
  10 hydras
  2 vault guards
  3 two-headed ogres
  A centaur warrior (D:14)
  The ghost of PipsiMox the Blocker, a novice FoFi of Cheibriados (D:8)
  3 death yaks (Lair:6)
  2 lindwurms (Lair:6)
  An unseen horror (D:14)
  The ghost of bmj180 the Carver, a novice MiFi (D:7)
  2 oklob plants (Lair:6)
  A wolf spider zombie (D:14)
  A manticore (D:13)
  5 ugly things (D:14)
  3 cyclopes
  Maurice (D:12)
  9 elephants
  6 black mambas
  Psyche (D:11)
  A gargoyle (D:13)
  12 komodo dragons
  2 molten gargoyles (Lair:6)
  A centaur skeleton (D:12)
  12 spiny frogs
  3 efreet
  2 rime drakes (Lair:5)
  5 trolls
  19 polar bears
  5 blink frogs (Lair:4)
  3 hornets
  11 hippogriffs
  Sigmund (D:2)
  8 wyverns
  2 wraiths (D:11)
  2 basilisks
  41 yaks
  Grum (D:9)
  2 steam dragons (Lair:6)
  A hungry ghost (D:8)
  9 vampire mosquitoes
  3 hell hounds (Lair:6)
  9 water moccasins
  15 orc warriors
  7 porcupines
  A black bear (D:11)
  5 ice beasts
  3 sky beasts
  A necrophage (D:11)
  9 ogres
  2 eyes of draining (D:11)
  25 wolves
  4 phantoms
  13 crocodiles
  8 centaurs
  2 big kobolds
  18 bullfrogs
  A wyvern zombie (D:9)
  2 wyvern skeletons
  A scorpion (D:7)
  13 wights
  5 killer bees (D:7)
  3 howler monkeys
  2 electric eels (Lair:3)
  5 lava snakes (Lair:6)
  13 crimson imps
  2 bullfrog zombies
  2 centaur zombies (D:10)
  3 bullfrog skeletons
  8 jellies
  17 orc priests
  5 hounds
  12 orc wizards
  Ijyb (D:5)
  11 iguanas
  8 worker ants
  A hound zombie (D:9)
  2 hound skeletons (D:10)
  8 mummies (Ossuary)
  Robin (D:3)
  11 gnolls
  4 river rats
  18 adders
  4 shadow imps
  11 white imps (Lair:1)
  An ooze (D:4)
  2 adder zombies
  2 adder skeletons
  3 worms
  3 dart slugs
  9 leopard geckos
  70 orcs
  4 ball pythons
  7 bats
  5 giant cockroaches
  13 goblins
  6 hobgoblins
  4 jackals
  5 quokkas
  6 frilled lizards
  2 gnoll zombies (Ossuary)
  2 hobgoblin zombies (Ossuary)
  A jackal zombie (D:7)
  18 kobolds
  2 kobold zombies (Ossuary)
  3 leopard gecko skeletons
  An orc zombie (Ossuary)
  14 rats
679 creatures vanquished.

Vanquished Creatures (collateral kills)
  A vault guard (D:14)
  A vampire (D:11)
  A sky beast (D:14)
  A crocodile (Lair:1)
  A scorpion (D:5)
  A jelly (D:5)
  A white imp (Lair:1)
  An orc zombie (Ossuary)
8 creatures vanquished.

Vanquished Creatures (others)
  A rat (D:1)
  12 fungi
  11 plants
24 creatures vanquished.

Grand Total: 711 creatures vanquished

Notes
Turn   | Place    | Note
-------+----------+-------------------------------------------
     0 | D:1      | vuolankoinen the Octopode Wizard began the quest for the Orb.
     0 | D:1      | Reached XP level 1. HP: 11/11 MP: 4/4
   362 | D:1      | Reached skill level 1 in Fighting
   362 | D:1      | Reached XP level 2. HP: 11/18 MP: 6/6
   985 | D:1      | Reached XP level 3. HP: 11/23 MP: 4/7
   990 | D:1      | Learned a level 2 spell: Blink
   993 | D:1      | Learned a level 2 spell: Call Imp
   997 | D:1      | Learned a level 3 spell: Mephitic Cloud
  1651 | D:2      | Reached skill level 1 in Short Blades
  1661 | D:2      | Reached XP level 4. HP: 21/29 MP: 8/8
  1668 | D:2      | You fall through a shaft!
  2338 | D:2      | Reached skill level 2 in Fighting
  2472 | D:2      | Noticed Sigmund
  2481 | D:2      | Reached XP level 5. HP: 34/34 MP: 9/9
  3263 | D:3      | Noticed Robin
  3282 | D:3      | Killed Robin
  3502 | D:3      | Reached skill level 1 in Shields
  3715 | D:4      | Found a sand-covered staircase.
  3745 | D:4      | Found a glowing drain.
  3790 | Sewer    | Entered a sewer
  3797 | Sewer    | Reached XP level 6. HP: 11/41 MP: 10/10
  4080 | Sewer    | Found a glowing silver altar of Zin.
  4139 | Ossuary  | Entered an ossuary
  4500 | Ossuary  | Reached skill level 3 in Fighting
  5278 | D:4      | Found a deep blue altar of Sif Muna.
  5484 | D:4      | Reached XP level 7. HP: 46/46 MP: 11/11
  5602 | D:4      | Got a clouded marble ring
  5628 | D:4      | Found a sparkling altar of Nemelex Xobeh.
  5629 | D:4      | Identified the ring "Havuur" {rCorr Str+3 Stlth-} (You found it on level 4 of the Dungeon)
  5631 | D:4      | Found a hide-covered altar of Uskayaw.
  5955 | D:4      | Reached skill level 5 in Short Blades
  6126 | D:4      | Reached skill level 4 in Fighting
  6171 | D:4      | Reached XP level 8. HP: 51/54 MP: 12/12
  6417 | D:4      | Identified Sif Muna's Almanac of Contamination
  6521 | D:5      | Entered Level 5 of the Dungeon
  6571 | D:5      | Found Rocuf's Antique Armour Emporium.
  6614 | D:5      | Noticed Ijyb
  6625 | D:5      | Killed Ijyb
  6631 | D:5      | Found a staircase to the Ecumenical Temple.
  6894 | D:5      | Reached skill level 5 in Fighting
  7208 | D:5      | Found Zohimu's Assorted Antiques.
  7238 | D:5      | Found Panoesip's Gadget Emporium.
  7248 | D:5      | Found Iwopleat's General Store.
  7270 | D:5      | Bought a scroll of teleportation for 39 gold pieces
  7270 | D:5      | Bought a potion of haste for 130 gold pieces
  7270 | D:5      | Bought a scroll of random uselessness for 13 gold pieces
  7424 | D:5      | Found Seseec's Jewellery Shoppe.
  7744 | D:5      | Bought an uncursed ring of poison resistance for 220 gold pieces
  7744 | D:5      | Bought a cursed amulet of inaccuracy for 22 gold pieces
  7813 | Temple   | Entered the Ecumenical Temple
  7983 | Temple   | Became a worshipper of Dithmenos the Shadowed
  8174 | D:6      | Learned a level 4 spell: Control Undead
  8270 | D:6      | Reached skill level 6 in Fighting
  8385 | D:6      | Reached XP level 9. HP: 62/62 MP: 5/13
  9700 | D:7      | Noticed bmj180's ghost (novice MiFi)
  9713 | D:7      | Reached skill level 7 in Fighting
  9996 | D:7      | Found a glowing silver altar of Zin.
  9997 | D:7      | Found an opulent altar of Gozag.
 10004 | D:7      | Reached skill level 5 in Shields
 10013 | D:7      | Reached * piety under Dithmenos
 10403 | D:6      | Found a burning altar of Makhleb.
 10846 | D:7      | Learned a level 2 spell: Ensorcelled Hibernation
 10897 | D:7      | Reached skill level 8 in Fighting
 11206 | D:7      | Reached XP level 10. HP: 72/72 MP: 15/15
 11483 | D:8      | Found Efilat's Book Shoppe.
 12268 | D:7      | Killed bmj180's ghost
 12407 | D:2      | Killed Sigmund
 12507 | D:6      | Reached skill level 9 in Fighting
 12518 | D:6      | Reached ** piety under Dithmenos
 12982 | D:8      | Noticed PipsiMox's ghost (novice FoFi)
 13689 | D:9      | Learned a level 3 spell: Regeneration
 13723 | D:9      | Found a basalt altar of Yredelemnul.
 13844 | D:9      | Reached skill level 5 in Spellcasting
 13889 | D:9      | Found a staircase to the Lair.
 14059 | D:9      | Found a radiant altar of Vehumet.
 14139 | D:9      | Reached XP level 11. HP: 50/81 MP: 8/18
 14552 | D:9      | Reached skill level 1 in Necromancy
 14759 | D:9      | Found a roughly hewn altar of Beogh.
 14759 | D:9      | Found a staircase to the Orcish Mines.
 14768 | D:9      | Reached *** piety under Dithmenos
 14768 | D:9      | Reached skill level 1 in Charms
 14910 | D:9      | Noticed Grum
 15035 | D:9      | Killed Grum
 15256 | D:9      | Found a sacrificial altar of Ru.
 15256 | D:9      | Found an iron altar of Okawaru.
 15315 | D:10     | Entered Level 10 of the Dungeon
 15356 | D:10     | Reached skill level 10 in Fighting
 15712 | D:10     | Learned a level 2 spell: Passwall
 15738 | D:10     | Noticed a two-headed ogre
 15760 | D:10     | Killed a two-headed ogre
 15972 | D:10     | Reached **** piety under Dithmenos
 16595 | D:11     | Noticed a cyclops
 16610 | D:11     | Killed a cyclops
 17397 | D:11     | Noticed a two-headed ogre
 17409 | D:11     | Killed a two-headed ogre
 17439 | D:11     | Noticed Psyche
 17442 | D:11     | Noticed a death knight
 17700 | D:12     | Noticed Maurice
 17808 | D:12     | Reached skill level 10 in Short Blades
 17808 | D:12     | Reached XP level 12. HP: 65/87 MP: 22/22
 18583 | D:13     | Reached ***** piety under Dithmenos
 18583 | D:13     | Reached skill level 5 in Stealth
 18690 | D:13     | Reached skill level 5 in Dodging
 19061 | Lair:1   | Entered Level 1 of the Lair of Beasts
 19071 | Lair:1   | Found a frozen archway.
 19277 | IceCv    | Entered an ice cave
 19342 | IceCv    | Reached skill level 11 in Fighting
 19631 | IceCv    | Noticed a frost giant
 19653 | IceCv    | Killed a frost giant
 19653 | IceCv    | Reached skill level 1 in Evocations
 20895 | Lair:1   | Reached skill level 1 in Hexes
 20914 | Lair:1   | Reached XP level 13. HP: 69/95 MP: 18/25
 21447 | D:5      | Bought the ring of Descent {rC+ Str+6 Int+4 Dex-2} for 536 gold pieces
 21451 | D:5      | Bought an uncursed ring of wizardry for 330 gold pieces
 21823 | Lair:2   | Reached skill level 1 in Ice Magic
 22247 | Lair:2   | Found a staircase to the Swamp.
 22358 | Lair:3   | Learned a level 6 spell: Iron Shot
 22824 | Lair:4   | Found a hole to the Spider Nest.
 23102 | Lair:5   | Found a staircase to the Slime Pits.
 23598 | Lair:3   | Reached skill level 12 in Fighting
 23767 | Lair:3   | Reached ****** piety under Dithmenos
 24022 | Lair:1   | Learned a level 3 spell: Stone Arrow
 25468 | Lair:5   | Reached skill level 1 in Earth Magic
 25554 | Lair:5   | Reached XP level 14. HP: 104/104 MP: 24/27
 26044 | Lair:6   | Entered Level 6 of the Lair of Beasts
 26177 | Lair:6   | Identified Sif Muna's Collected Works on Unholy Calling
 26278 | Lair:6   | Reached skill level 10 in Stealth
 26568 | Lair:6   | Found a large runed door.
 26568 | Lair:6   | Found a large runed door.
 28452 | D:8      | Killed PipsiMox's ghost
 28553 | D:11     | Killed Psyche
 28557 | D:11     | Reached skill level 5 in Conjurations
 28784 | D:12     | Killed Maurice
 28902 | D:13     | Reached skill level 13 in Fighting
 29074 | D:13     | Reached skill level 10 in Shields
 29746 | D:14     | Reached skill level 10 in Spellcasting
 29746 | D:14     | Reached XP level 15. HP: 93/110 MP: 27/29
 30308 | D:14     | HP: 1/110 [manticore (9)]
 30308 | D:14     | Demolished by a vault guard

Skill      XL: |  1  2  3  4  5  6  7  8  9 10 11 12 13 14 15 |
---------------+----------------------------------------------+-----
Fighting       | 1 2 3 4 6 8 9 10 11 12 13 | 13.1
Stealth        | 3 4 7 9 11 | 11.5
Short Blades   | 1 2 3 5 7 8 9 10 | 10.5
Shields        | 1 2 3 4 5 6 7 9 10 | 10.2
Dodging        | 3 4 6 7 |  7.3
Spellcasting   | 5 7 8 9 10 | 10.1
Necromancy     | 2 3 4 |  4.2
Charms         | 2 |  2.5
Evocations     | 1 |  1.4
Hexes          | 1 2 3 4 |  4.0
Ice Magic      | 2 3 |  3.3
Conjurations   | 2 5 |  5.7
Earth Magic    | 1 |  1.2
Translocations | 2 |  2.6
Summonings     | |  1.0
Transmutations | |  0.6
Poison Magic   | |  0.5

Action                   |  1- 3 |  4- 6 |  7- 9 | 10-12 | 13-15 || total
-------------------------+-------+-------+-------+-------+-------++-------
Melee: Unarmed           |    30 |       |       |       |       ||    30
       Constrict         |    23 |    60 |    74 |   130 |    72 ||   359
       Tentacles         |    12 |    30 |    62 |   194 |   209 ||   507
       Dagger            |    63 |   211 |   378 |  1065 |   910 ||  2627
 Cast: Magic Dart        |     4 |    72 |    34 |    47 |    41 ||   198
       Call Imp          |     1 |     1 |     6 |    23 |       ||    31
       Mephitic Cloud    |       |     3 |    21 |    41 |    32 ||    97
       Blink             |       |     2 |    14 |    17 |    22 ||    55
       Ensorcelled Hiber |       |       |     1 |    15 |   100 ||   116
       Regeneration      |       |       |       |    32 |    42 ||    74
       Control Undead    |       |       |       |     5 |     6 ||    11
       Stone Arrow       |       |       |       |       |    13 ||    13
       Passwall          |       |       |       |       |     5 ||     5
Evoke: Wand              |       |       |       |     7 |     3 ||    10
  Use: Scroll            |       |     4 |       |    14 |    16 ||    34
       Potion            |       |       |       |     5 |     6 ||    11
 Stab: Sleeping          |    14 |     8 |     6 |    22 |    74 ||   124
       Distracted        |       |     1 |     1 |     2 |     8 ||    12
       Confused          |       |       |     7 |    29 |    20 ||    56
  Eat: Chunk             |     2 |     8 |    29 |    43 |    30 ||   112
       Bread ration      |       |     1 |       |       |       ||     1
       Fruit             |       |       |       |     1 |       ||     1
Armor: Skin              |    12 |    15 |    18 |    36 |    35 ||   116
Dodge: Dodged            |    87 |    87 |   131 |   456 |   417 ||  1178
Block: Buckler           |       |    12 |    50 |   127 |   149 ||   338
